 Dungeon Crawl Stone Soup version 0.27-a0-328-g7f782ed93a (webtiles) character file.

Game seed: 5104478406399574004

6 puppykicker the Magician (level 1, 0/14 HPs)
             Began as a Hill Orc Hedge Wizard on Feb 12, 2021.
             Hit by a stone thrown by a kobold (3 damage)
             ... on level 1 of the Dungeon.
             The game lasted 00:01:54 (175 turns).

puppykicker the Magician (Hill Orc Hedge Wizard)     Turns: 175, Time: 00:01:55

Health: 0/14       AC:  2    Str: 12    XL:     1   Next: 90%
Magic:  0/4        EV: 12    Int: 14    God:
Gold:   0          SH:  0    Dex: 10    Spells: 4/5 levels left

rFire    . . .     SeeInvis .   a - +0 dagger
rCold    . . .     Faith    .   (no shield)
rNeg     . . .     Spirit   .   b - +0 robe
rPois    .         Reflect  .   c - +0 hat
rElec    .         Harm     .   (no cloak)
rCorr    .         Rampage  .   (no gloves)
Will     .....                  (no boots)
Stlth    ++........             (no amulet)
HPRegen  0.04/turn              (no ring)
MPRegen  0.09/turn              (no ring)

@: no status effects
A: no striking features
a: no special abilities


You were on level 1 of the Dungeon.
You visited 1 branch of the dungeon, and saw 1 of its levels.

Inventory:

Hand Weapons
 a - a +0 dagger (weapon)
Armour
 b - a +0 robe (worn)
 c - a +0 hat (worn)
 d - a +0 leather armour
 e - a +0 ring mail


   Skills:
 - Level 1.5 Dodging
 - Level 1.5 Stealth
 + Level 2.5 Spellcasting
 + Level 1.2 Conjurations
 + Level 1.2 Summonings
 + Level 1.0 Translocations


You had 4 spell levels left.
You knew the following spells:

 Your Spells              Type           Power        Failure   Level
a - Magic Dart            Conj           20%          14%         1

Your spell library contained the following spells:

 Spells                   Type           Power        Failure   Level
 Call Imp                 Summ           5%           21%         2
 Blink                    Tloc           N/A          22%         2
 Slow                     Hex            1%           34%         2
 Conjure Flame            Conj/Fire      3%           45%         3
 Mephitic Cloud           Conj/Pois/Air  2%           50%         3


Dungeon Overview and Level Annotations

Branches:
Dungeon (1/15)

Altars:


Message History

Press: ? - help, Shift-Dir - straight line, f/p - goblin
Aim: a goblin, wielding a +0 club (severely wounded, 0% to evade)
The magic dart hits the goblin.
You kill the goblin!
* * * LOW MAGIC WARNING * * *
Your Translocations skill increases to level 1!
Casting: Magic Dart (safe; 14% risk of failure)
Aiming: Magic Dart (safe; 14% risk of failure)
Press: ? - help, Shift-Dir - straight line, f - bat
Aim: a bat (0% to evade)
The magic dart hits the bat but does no damage.
* * * LOW MAGIC WARNING * * *
You now have 0/3 mp.
You are too injured to fight recklessly!
Unknown command.
You barely miss the bat. The bat closely misses you.
The bat hits you but does no damage. x2
You hit the bat. The bat hits you but does no damage.
The kobold throws a stone.
The stone barely misses you. The bat closely misses you.
The bat closely misses you. The bat hits you.
* * * LOW HITPOINT WARNING * * *
You take 1 damage, and have 2/14 hp.
You open the door. The bat closely misses you. The bat misses you.
There is an open door here.
A giant cockroach comes into view.
The bat closely misses you.
Casting: Magic Dart (safe; 14% risk of failure)
Aiming: Magic Dart (safe; 14% risk of failure)
Press: ? - help, Shift-Dir - straight line, f/p - bat
Aim: a bat (moderately wounded, 0% to evade)
The magic dart hits the bat.
You kill the bat!
* * * LOW MAGIC WARNING * * *
You now have 0/4 mp.
The kobold throws a stone.
The stone barely misses you. The giant cockroach closely misses you.
The kobold throws a stone.
The stone hits you.
You die...

.........# .........#
#......... .........#
......... .........#
......... .........##
.......... ........>.####
#........#
.............###........##
.........###.##..........#
####..K### #..#.@........#
###.# ##..B.........# ###
#g# #####..........# ..##
#.# ##...##.........#
#..###.###.....#K.......#
....)....#.....#.......##
######...#.....#...#####
.#####...##...##...#####
##...#+.>.)###'..#+#...##


You could see a giant cockroach and a kobold.

Levels and vault maps discovered:
D:1:      noname_arrival_rooms_in_the_neighbourhood, layout_rooms,
          kennysheep_boxes

Notes
Turn   | Place    | Note
-------+----------+-------------------------------------------
     0 | D:1      | puppykicker the Hill Orc Hedge Wizard began the quest for
                  | the Orb.
     0 | D:1      | Reached XP level 1. HP: 14/14 MP: 3/3
    62 | D:1      | Identified a +0 club
    63 | D:1      | Identified a +0 club
    98 | D:1      | Identified a +0 club
   105 | D:1      | Identified a +0 club
   154 | D:1      | HP: 3/14 [bat (1)]
   159 | D:1      | Reached skill level 1 in Translocations
   163 | D:1      | HP: 2/14 [bat (1)]
   175 | D:1      | Hit by a stone thrown by a kobold

Table legend: (Time is in decaauts)
 A = Elapsed time spent in this place.
 B = Non-inter-level travel time spent in this place.
 C = Inter-level travel time spent in this place.
 D = Time resting spent in this place.
 E = Time spent auto-exploring this place.
 F = Levels seen in this place.
 G = Mean time per level.
                   A        B        C        D        E       F      G
               +--------+--------+--------+--------+--------+-----+--------+
         Total |    175 |    175 |      0 |     27 |     19 |   1 |  175.0 |
       Dungeon |    175 |    175 |      0 |     27 |     19 |   1 |  175.0 |
               +--------+--------+--------+--------+--------+-----+--------+

Top non-repeatable levels by time:
     D:1: 175 daAuts

Table legend:
 A = Kills in this place as a percentage of kills in entire the game.
 B = Kills by you in this place as a percentage of kills by you in the entire game.
 C = Kills by friends in this place as a percentage of kills by friends in the entire game.
 D = Other kills in this place as a percentage of other kills in the entire game.
 E = Experience gained in this place as a percentage of experience gained in the entire game.
 F = Experience gained in this place divided by the number of levels of this place that you have seen.
                   A       B       C       D       E      F
               +-------+-------+-------+-------+-------+----------------------
         Total | 100.0 | 100.0 |   N/A |   N/A | 100.0 |   9.0
       Dungeon | 100.0 | 100.0 |   N/A |   N/A | 100.0 |   9.0
               +-------+-------+-------+-------+-------+----------------------

Skill      XL: |  1 |
---------------+----+-----
Translocations | 1 |  1.0
Dodging        | |  1.5
Stealth        | |  1.5
Spellcasting   | |  2.5
Conjurations   | |  1.2
Summonings     | |  1.2

Action                   || total
-------------------------++-------
Melee: Dagger            ||    25
 Cast: Magic Dart        ||    12
Armor: Robe              ||     8
Dodge: Dodged            ||    43

Vanquished Creatures
  A giant cockroach (D:1)
  2 goblins (D:1)
  A hobgoblin (D:1)
  A bat (D:1)
5 creatures vanquished.
